 Dungeon Crawl Stone Soup version 0.26-a0-708-g17f3b19 (webtiles) character file.

Game seed: 9184050392434987264

31198 BarneyGumball the Unseen (level 13, -2/63 HPs)
             Began as a Spriggan Enchanter on Oct 27, 2020.
             Was a Believer of Uskayaw.
             Slain by a bog body (19 damage)
             ... on level 4 of the Lair of Beasts.
             The game lasted 01:34:28 (16477 turns).

BarneyGumball the Unseen (Spriggan Enchanter)      Turns: 16477, Time: 01:34:29

Health: -2/63      AC: 10    Str:  4    XL:     13   Next: 24%
Magic:  27/32      EV: 22    Int: 18    God:    Uskayaw [**....]
Gold:   908        SH:  0    Dex: 18    Spells: 21/24 levels left

rFire    + . .     SeeInvis +   a - +2 dagger (flame)
rCold    + . .     Faith    .   (shield restricted)
rNeg     + . .     Spirit   .   x - +1 acid dragon scales
rPois    .         Reflect  .   (helmet restricted)
rElec    +         Harm     .   c - +0 cloak
rCorr    +         Rampage  .   (gloves unavailable)
MR       ++...                  (boots unavailable)
Stlth    +++++++...             (no amulet)
HPRegen  0.20/turn              G - ring of positive energy
MPRegen  0.23/turn              Q - ring "Vetz" {rElec rF+ MP+9 Dex-4}

@: very quick
A: very small, unfitting armour, iridescent scales 1, see invisible, agile 1,
cold resistance 1, speed 3
a: Stomp, Line Pass, Renounce Religion


You were on level 4 of the Lair of Beasts.
You worshipped Uskayaw.
Uskayaw was noncommittal.
You visited 2 branches of the dungeon, and saw 16 of its levels.
You also visited: Sewer and Ossuary.

You collected 908 gold pieces.

Inventory:

Hand Weapons
 a - a +2 dagger of flaming (weapon)
Missiles
 d - a throwing net (quivered)
Armour
 b - a +0 robe
 c - a +0 cloak (worn)
 x - +1 acid dragon scales (worn)
Jewellery
 p - an uncursed ring of ice
 D - an uncursed ring of wizardry
 F - an uncursed ring of flight
 G - a ring of positive energy (left hand)
 Q - the ring "Vetz" (right hand) {rElec rF+ MP+9 Dex-4}
   (You found it on level 4 of the Lair of Beasts)

   [ring of protection from fire]

   It affects your dexterity (-4).
   It protects you from fire.
   It insulates you from electricity.
   It affects your magic capacity (+9).
Wands
 g - a wand of disintegration (25)
 w - a wand of random effects (37)
 z - a wand of acid (9)
 E - a wand of flame (22)
 J - a wand of digging (4)
Scrolls
 e - a scroll of amnesia
 f - a scroll of blinking
 h - 5 scrolls of remove curse
 i - 5 scrolls of enchant weapon
 j - 4 scrolls of teleportation
 k - a scroll of brand weapon
 o - 2 scrolls of acquirement {unknown}
 t - 4 scrolls of immolation
 u - 3 scrolls of magic mapping
 v - 3 scrolls of fear
 y - a scroll of vulnerability {unknown}
 I - a scroll of torment {unknown}
 L - 5 scrolls of identify
 N - a scroll of enchant armour
 P - a scroll of summoning
Potions
 l - 2 potions of stabbing
 m - 3 potions of degeneration
 n - a potion of ambrosia
 q - 3 potions of flight
 r - 7 potions of lignification
 s - 2 potions of haste
 A - 3 potions of brilliance
 B - a potion of mutation
 C - 3 potions of magic
 H - 2 potions of resistance
 K - a potion of might
 O - 2 potions of curing


   Skills:
 - Level 5.0 Fighting
 - Level 10.0 Short Blades
 - Level 10.2 Dodging
 * Level 19.8 Stealth
 - Level 6.1 Spellcasting
 + Level 11.4 Hexes
 + Level 7.7 Invocations


You had 21 spell levels left.
You knew the following spells:

 Your Spells              Type           Power        Failure   Level
a - Corona                Hex            #####..      1%          1
b - Ensorcelled Hibernat  Hex/Ice        ####..       4%          2

Your spell library contained the following spells:

 Spells                   Type           Power        Failure   Level
 Confusing Touch          Hex            #####...     1%          3
 Tukima's Dance           Hex            #####...     1%          3
 Dazzling Flash           Conj/Hex       ####..       9%          3
 Animate Skeleton         Necr           #.....       28%         1
 Apportation              Tloc           #.....       28%         1
 Pain                     Necr           #...         28%         1
 Invisibility             Hex            #####...     36%         6
 Lesser Beckoning         Tloc           #.........   65%         3
 Vampiric Draining        Necr           #.........   65%         3
 Animate Dead             Necr           #.........   96%         4
 Agony                    Necr           #.......     100%        5
 Alistair's Intoxication  Tmut/Pois      #........    100%        5


Dungeon Overview and Level Annotations

Branches:
Dungeon (11/15)            Temple (0/1) D:7            Lair (6/6) D:9
  Swamp (0/4) Lair:4       Spider (0/4) Lair:2        Sewer (visited)
Ossuary (visited)
  Slime: Lair:5-6       Orc: D:9-12

Altars:
Ashenzari
Cheibriados
Dithmenos
Nemelex Xobeh
Okawaru
Ru
Trog
Uskayaw
Vehumet
Wu Jian
Yredelemnul
Zin
The Shining One

Annotations:
Lair:1 3 runed translucent doors, lyrin's ghost, journeyman OgVM; myxocpahck's ghost, journeyman HOFi


Innate Abilities, Weirdness & Mutations

You are very small and have problems with some larger weapons.
You are too small for most types of armour.
You have supernaturally acute eyesight. (SInv)
You cover ground extremely quickly.
You are partially covered in iridescent scales. (AC +2)
You are agile. (Dex +2)
Your flesh is cold resistant. (rC+)


Message History

Press: ? - help, Shift-Dir - straight line, f - swamp worm
Aim: a swamp worm (water, chance to defeat MR: 64%)
The swamp worm looks drowsy...
The bog body hits you!
* * * LOW HITPOINT WARNING * * *
The bog body misses you.
The helpless swamp worm fails to defend itself.
You spit the swamp worm like a pig!!!!! You burn the swamp worm!
You kill the swamp worm!
You can now pass through a line of other dancers.
You closely miss the bog body.
The bog body hits you but does no damage.
The bog body completely misses you.
You closely miss the bog body. You hit the bog body.
The bog body is lightly damaged.
The bog body misses you. The bog body completely misses you.
You hit the bog body.
The bog body is lightly damaged.
The bog body hits you!!
You die...

...PP.PP...##P.##..........♣PP.♣.
.....#......................♣♣...
......#..P.......................
.................................
.................................
.............♣♣♣♣♣♣..............
.....#..P..###♣♣♣♣♣♣..........P.#
.....#...#### ♣§§§§♣.##...#######
.........##.#♣♣§@§§♣......#
..............♣§n§≈♣.....##
.....P.......♣♣§§.≈♣♣P.P.#
.........(...♣♣≈..≈♣♣....#
.............♣♣≈..♣♣♣♣..##
.......#P...#♣♣≈.♣≈♣♣P.##
...<........♣ ♣≈..≈♣♣#..#
....#.##...#♣ ♣≈..≈♣ #.##
....#####..# ♣≈†.≈♣ ♣†P#


You could see a bog body.

Vanquished Creatures
  4 hydras
  2 boulder beetles
  A two-headed ogre (D:10)
  2 catoblepae
  A queen ant (Lair:2)
  A death yak (D:9)
  9 elephants (Lair:2)
  A torpor snail (Lair:4)
  5 black mambas
  8 cane toads
  Maggie (D:6)
  A rime drake (Lair:1)
  8 komodo dragons
  A troll (D:10)
  A polar bear (Lair:3)
  A bog body (Lair:4)
  8 blink frogs
  15 yaks
  7 basilisks
  3 wyverns
  Edmund (D:4)
  8 water moccasins
  20 soldier ants (Lair:2)
  2 swamp worms (Lair:4)
  2 sky beasts
  2 orc warriors
  3 ice beasts
  2 black bears
  3 ogres
  7 wolves
  2 centaurs
  13 bullfrogs
  4 scorpions
  6 killer bees
  8 wights
  An electric eel (Lair:4)
  3 centaur zombies
  A bullfrog zombie (D:10)
  10 orc wizards
  2 jellies
  4 hounds
  An orc priest (D:7)
  A bullfrog skeleton (D:6)
  Natasha (thrice) (D:4)
  An iguana (D:6)
  35 worker ants
  A big kobold zombie (Ossuary)
  A hound skeleton (D:9)
  2 mummies (Ossuary)
  2 worker ant zombies (D:5)
  A howler monkey skeleton (D:10)
  10 adders
  A shadow imp (D:6)
  2 white imps
  An ooze (D:1)
  2 adder zombies (Ossuary)
  5 worms
  2 dart slugs (D:1)
  3 leopard geckos
  21 orcs
  A goblin (D:1)
  5 hobgoblins (D:1)
  6 jackals
  2 quokkas
  9 bats
  A frilled lizard (D:1)
  A goblin zombie (Ossuary)
  9 hobgoblin zombies (Ossuary)
  10 kobold zombies (Ossuary)
  A leopard gecko zombie (D:6)
  8 orc zombies (Ossuary)
  A quokka zombie (D:8)
  4 rats (D:1)
337 creatures vanquished.

Vanquished Creatures (others)
  34 fungi
  52 plants
86 creatures vanquished.

Grand Total: 423 creatures vanquished

Notes
Turn   | Place    | Note
-------+----------+-------------------------------------------
     0 | D:1      | BarneyGumball the Spriggan Enchanter began the quest for
                  | the Orb.
     0 | D:1      | Reached XP level 1. HP: 9/9 MP: 5/5
     0 | D:1      | Noticed an iron dragon
     0 | D:1      | Noticed a shadow dragon
     1 | D:1      | Noticed a shadow dragon
     3 | D:1      | Noticed an iron dragon
     3 | D:1      | Noticed an iron dragon
     5 | D:1      | Noticed an orb of fire
     6 | D:1      | Noticed a tentacled monstrosity
     8 | D:1      | Noticed an iron dragon
     9 | D:1      | Noticed a red draconian
    11 | D:1      | Noticed an iron dragon
    13 | D:1      | Noticed a tentacled monstrosity
    14 | D:1      | Noticed an ice dragon
    15 | D:1      | Noticed an iron dragon
    37 | D:1      | Noticed an iron dragon
    39 | D:1      | Noticed an ice dragon
    39 | D:1      | Noticed an orb of fire
    41 | D:1      | Noticed a tentacled monstrosity
   136 | D:1      | Reached skill level 5 in Stealth
   157 | D:1      | Reached XP level 2. HP: 9/13 MP: 4/6
   586 | D:1      | Learned a level 2 spell: Ensorcelled Hibernation
   672 | D:1      | Reached XP level 3. HP: 16/16 MP: 8/8
   809 | D:2      | You fall into a shaft and drop 2 floors!
   841 | D:4      | Found a sacrificial altar of Ru.
   861 | D:4      | Noticed Edmund
   877 | D:4      | Killed Edmund
   877 | D:4      | Reached skill level 7 in Stealth
   877 | D:4      | Reached XP level 4. HP: 10/21 MP: 3/9
   877 | D:4      | Reached XP level 5. HP: 11/24 MP: 3/10
   952 | D:4      | Found an ornate altar of the Wu Jian Council.
  1046 | D:4      | Noticed an ogre
  1055 | D:4      | Reached skill level 8 in Stealth
  1060 | D:4      | Noticed Natasha
  1062 | D:4      | Killed an ogre
  1087 | D:4      | Killed Natasha
  1087 | D:4      | Reached skill level 9 in Stealth
  1087 | D:4      | Reached XP level 6. HP: 26/28 MP: 2/11
  1101 | D:4      | Found a glowing silver altar of Zin.
  1102 | D:4      | Noticed an angel
  1226 | D:4      | Noticed Natasha
  1235 | D:4      | Killed Natasha
  1280 | D:4      | Noticed Natasha
  1285 | D:4      | Killed Natasha
  1358 | D:4      | Found a sand-covered staircase.
  1363 | Ossuary  | Entered an ossuary
  1959 | Ossuary  | Reached skill level 10 in Stealth
  2587 | D:4      | Reached XP level 7. HP: 31/32 MP: 7/12
  2736 | D:5      | Entered Level 5 of the Dungeon
  2979 | D:5      | Found a glowing drain.
  2987 | Sewer    | Entered a sewer
  3039 | Sewer    | Reached skill level 5 in Hexes
  3474 | D:5      | Found a hide-covered altar of Uskayaw.
  3477 | D:5      | Found a snail-covered altar of Cheibriados.
  3478 | D:5      | Found a glowing golden altar of the Shining One.
  3478 | D:5      | Found a bloodstained altar of Trog.
  3482 | D:5      | Became a worshipper of Uskayaw the Reveler
  3518 | D:5      | Reached * piety under Uskayaw
  3732 | D:5      | Found a broken altar of Ashenzari.
  3892 | D:5      | Reached XP level 8. HP: 28/36 MP: 4/15
  3892 | D:5      | Reached ** piety under Uskayaw
  4249 | D:6      | Found a shadowy altar of Dithmenos.
  4281 | D:6      | Found a radiant altar of Vehumet.
  4303 | D:6      | Reached skill level 5 in Spellcasting
  4364 | D:6      | Reached *** piety under Uskayaw
  4604 | D:6      | Noticed Maggie
  4607 | D:6      | Killed Maggie
  4992 | D:6      | Reached skill level 1 in Fighting
  5250 | D:6      | Reached skill level 5 in Dodging
  5250 | D:6      | Reached XP level 9. HP: 32/42 MP: 8/19
  5437 | D:6      | Reached **** piety under Uskayaw
  5853 | D:7      | Found an iron altar of Okawaru.
  6088 | D:7      | Found a staircase to the Ecumenical Temple.
  6882 | D:8      | Found a basalt altar of Yredelemnul.
  7040 | D:8      | Found a sparkling altar of Nemelex Xobeh.
  7264 | D:8      | Reached skill level 5 in Short Blades
  7806 | D:9      | Noticed a death yak
  7814 | D:9      | Noticed a death yak
  7845 | D:9      | Reached skill level 11 in Stealth
  8401 | D:9      | Found a staircase to the Lair.
  8431 | D:9      | Reached XP level 10. HP: 41/51 MP: 18/20
  8670 | D:10     | Entered Level 10 of the Dungeon
  8843 | D:10     | Reached skill level 12 in Stealth
  9277 | D:10     | Reached skill level 5 in Fighting
  9431 | D:10     | Noticed a two-headed ogre
  9452 | D:10     | Killed a two-headed ogre
  9981 | D:9      | Noticed a death yak
  9988 | D:9      | Killed a death yak
 10202 | Lair:1   | Entered Level 1 of the Lair of Beasts
 10209 | Lair:1   | Noticed a cane toad
 10216 | Lair:1   | Killed a cane toad
 10216 | Lair:1   | Reached skill level 13 in Stealth
 10456 | Lair:1   | Reached XP level 11. HP: 38/55 MP: 2/21
 10470 | Lair:1   | Reached skill level 10 in Dodging
 10878 | Lair:1   | Reached skill level 10 in Short Blades
 11182 | Lair:1   | Found a runed translucent gate.
 11183 | Lair:1   | Found a runed translucent gate.
 11184 | Lair:1   | Found a runed translucent gate.
 11185 | Lair:1   | Noticed myxocpahck's ghost (journeyman HOFi)
 11186 | Lair:1   | Noticed lyrin's ghost (journeyman OgVM)
 11233 | Lair:2   | Noticed a four-headed hydra
 11237 | Lair:2   | Killed a four-headed hydra
 11237 | Lair:2   | Reached skill level 14 in Stealth
 11237 | Lair:2   | Reached skill level 1 in Invocations
 11277 | Lair:2   | Noticed a catoblepas
 11284 | Lair:2   | Killed a catoblepas
 11395 | Lair:2   | Reached skill level 15 in Stealth
 12099 | Lair:2   | Reached skill level 16 in Stealth
 12711 | Lair:2   | Noticed a six-headed hydra
 12724 | Lair:2   | Killed a six-headed hydra
 12724 | Lair:2   | Reached XP level 12. HP: 60/60 MP: 11/22
 12820 | Lair:2   | Found a hole to the Spider Nest.
 12820 | Lair:2   | Noticed a boulder beetle
 12827 | Lair:2   | Killed a boulder beetle
 12827 | Lair:2   | Reached skill level 5 in Invocations
 12843 | Lair:2   | Reached ***** piety under Uskayaw
 12869 | Lair:2   | Reached skill level 17 in Stealth
 13178 | Lair:2   | Noticed a queen ant
 13194 | Lair:2   | Killed a queen ant
 13216 | Lair:2   | Reached ****** piety under Uskayaw
 13265 | Lair:2   | Gained mutation: You are agile. (Dex +2) [potion of
                  | mutation]
 13265 | Lair:2   | Gained mutation: Your flesh is cold resistant. (rC+)
                  | [potion of mutation]
 13265 | Lair:2   | Gained mutation: You are partially covered in iridescent
                  | scales. (AC +2) [potion of mutation]
 13302 | Lair:2   | Reached skill level 10 in Hexes
 13530 | Lair:2   | Reached skill level 18 in Stealth
 14261 | Lair:3   | Noticed a seven-headed hydra
 14281 | Lair:3   | Killed a seven-headed hydra
 15111 | Lair:3   | Reached skill level 19 in Stealth
 15403 | Lair:4   | Reached XP level 13. HP: 63/63 MP: 20/23
 15420 | Lair:4   | You fall into a shaft and drop 2 floors!
 15420 | Lair:6   | Entered Level 6 of the Lair of Beasts
 16346 | Lair:4   | Got a scorched lapis lazuli ring
 16347 | Lair:4   | Identified the ring "Vetz" {rElec rF+ MP+9 Dex-4} (You
                  | found it on level 4 of the Lair of Beasts)
 16353 | Lair:4   | Lost strength.
 16448 | Lair:4   | Found a staircase to the Swamp.
 16477 | Lair:4   | Slain by a bog body

Illustrated notes

Levels and vault maps discovered:
D:1:      shiori_arrival_whats_in_store_for_you, layout_basic, minmay_liquid_box
D:2:      layout_basic
D:4:      cheibrodos_old_hovel, layout_rooms, zin_angel, kennysheep_mini,
          nicolae_overflow_hidden_temple, nicolae_ossuary_entry_ruins,
          uniq_natasha, uniq_edmund
D:5:      layout_basic, old_standard_altar, grunt_temple_overflow_open,
          cheibrodos_sewer_entry_bend, serial_shops, kennysheep_little_box
D:6:      layout_basic, kennysheep_mini_moat, grunt_dithmenos_smoke_and_mirrors,
          minmay_between, uniq_maggie
D:7:      layout_basic, okawaru_gym_becter, minmay_temple_entry_junction
D:8:      layout_cave_pools, nemelex_xobeh_ov_fountains_minmay, basic_altar
D:9:      layout_gridville, dpeg_lair_monsters
D:10:     cheibrodos_helix_gallery, layout_loops_ring
D:11:     regret_index_wax_grids, layout_rooms,
          kennysheep_orc_monster_closet_entryway
Lair:1:   layout_layer_cave, gammafunk_ghost_cemetery, st_stairs_3,
          eino_small_chamber_without_monster, cheibrodos_lair_caveside_slide,
          grunt_megastairs_1
Lair:2:   layout_chaotic_city, nicolae_spider_entry_non_spiders, minivault_29
Lair:3:   layout_long_grid, infiniplex_staircase_pool
Lair:4:   layout_gridlike, nicolae_swamp_entry_splash_gauntlet, serial_forest,
          infiniplex_forest_straight_4, infiniplex_forest_side_room,
          infiniplex_forest_corner_1, infiniplex_forest_end_1,
          beast_lair_carwin_11
Lair:5:   layout_gridlike, lemuel_old_faithful, serial_bayou_shore_a,
          grunt_megastairs_4
Lair:6:   grunt_lair_end_beastmaster, layout_regular_city,
          minmay_slime_entry_pillars

Skill      XL: |  1  2  3  4  5  6  7  8  9 10 11 12 |
---------------+-------------------------------------+-----
Stealth        | 5 7 9 10 11 13 16 19 | 19.8
Short Blades   | 2 3 4 6 9 10 | 10.0
Hexes          | 6 8 9 11 | 11.4
Spellcasting   | 4 6 |  6.1
Fighting       | 2 4 5 |  5.0
Dodging        | 5 8 9 10 | 10.2
Invocations    | 4 7 |  7.7

Action                   |  1- 3 |  4- 6 |  7- 9 | 10-12 | 13-15 || total
-------------------------+-------+-------+-------+-------+-------++-------
Melee: Dagger            |    70 |   200 |   409 |   398 |    51 ||  1128
Throw: Throwing net      |     2 |     1 |     2 |     1 |       ||     6
 Cast: Corona            |     1 |       |     1 |     3 |       ||     5
       Ensorcelled Hiber |     3 |    13 |    81 |   219 |    21 ||   337
Invok: Line Pass         |       |       |     1 |     1 |       ||     2
       Grand Finale      |       |       |       |     1 |       ||     1
Evoke: Wand              |       |       |     5 |       |     2 ||     7
  Use: Scroll            |       |     2 |     6 |    17 |     3 ||    28
       Potion            |       |       |     1 |     4 |       ||     5
 Stab: Sleeping          |    14 |    26 |    66 |   104 |    17 ||   227
       Held in net/web   |       |     1 |     1 |     1 |       ||     3
       Distracted        |       |     1 |     1 |     5 |     1 ||     8
       Paralysed         |       |       |     5 |    11 |     1 ||    17
       Confused          |       |       |     1 |     1 |       ||     2
       Invisible         |       |       |       |     4 |       ||     4
Armor: Robe              |    14 |    15 |    13 |       |       ||    42
       Acid dragon scale |       |       |    23 |    39 |    17 ||    79
       Skin              |       |       |     9 |       |       ||     9
Dodge: Dodged            |    43 |    95 |   281 |   261 |    55 ||   735

Table legend: (Time is in decaauts)
 A = Elapsed time spent in this place.
 B = Non-inter-level travel time spent in this place.
 C = Inter-level travel time spent in this place.
 D = Time resting spent in this place.
 E = Time spent auto-exploring this place.
 F = Levels seen in this place.
 G = Mean time per level.
                   A        B        C        D        E       F      G
               +--------+--------+--------+--------+--------+-----+--------+
         Total |  12743 |  12487 |    256 |   5057 |   3338 |  18 |  707.9 |
       Dungeon |   6841 |   6616 |    225 |   2402 |   2299 |  10 |  684.1 |
          Lair |   4856 |   4825 |     31 |   2109 |   1024 |   6 |  809.3 |
         Sewer |    286 |    286 |      0 |    215 |      0 |   1 |  286.0 |
       Ossuary |    759 |    759 |      0 |    330 |     14 |   1 |  759.0 |
               +--------+--------+--------+--------+--------+-----+--------+

Top non-repeatable levels by time:
  Lair:2: 2008 daAuts
     D:6: 1194 daAuts
     D:8: 997 daAuts
     D:5: 951 daAuts
  Lair:3: 936 daAuts
  Lair:1: 884 daAuts
     D:7: 846 daAuts
    D:10: 835 daAuts
 Ossuary: 759 daAuts
     D:4: 745 daAuts
     D:9: 666 daAuts
     D:1: 577 daAuts
  Lair:6: 442 daAuts
  Lair:4: 437 daAuts
   Sewer: 286 daAuts
